 Dungeon Crawl Stone Soup version 0.24-a0-22-g2a401c0 (console) character file.

Game seed: 14651608183974886668

189 Voker57 the Slasher (level 5, -1/61 HPs)
             Began as a Demonspawn Gladiator on Feb 1, 2019.
             Slain by an orc
             ... wielding a +0 club
              (2 damage)
             ... on level 3 of the Dungeon.
             The game lasted 00:06:50 (2015 turns).

Voker57 the Slasher (Demonspawn Gladiator)          Turns: 2015, Time: 00:06:50

Health: -1/61      AC:  4    Str: 19    XL:     5   Next: 40%
Magic:  5/5        EV: 15    Int: 10    God:
Gold:   55         SH:  0    Dex: 15    Spells: 4/4 levels left

rFire    . . .     SeeInvis .   a - +0 long sword
rCold    . . .     Gourm    .   (no shield)
rNeg     . . .     Faith    .   b - +0 leather armour
rPois    .         Spirit   .   c - +0 helmet
rElec    .         Reflect  .   (no cloak)
rCorr    .         Harm     .   (no gloves)
MR       .....                  (no boots)
Stlth    ..........             (no amulet)
HPRegen  0.20/turn              o - ring of stealth
MPRegen  0.09/turn              (no ring)

@: berserking, very quick
A: repulsion field 1, spiny 1
a: no special abilities


You were on level 3 of the Dungeon.
You were not hungry.

You visited 1 branch of the dungeon, and saw 3 of its levels.

You collected 55 gold pieces.

Inventory:

Hand Weapons
 a - a +0 long sword (weapon)
Missiles
 d - a throwing net (quivered)
Armour
 b - a +0 leather armour (worn)
 c - a +0 helmet (worn)
Jewellery
 o - a ring of stealth (left hand)
 p - an uncursed ring of ice {unknown}
 r - a +5 ring of evasion {unknown}
Scrolls
 j - a scroll of identify
 m - a scroll of immolation
 s - a scroll of remove curse
Potions
 l - a potion of cancellation
Comestibles
 f - 4 rations
 q - 3 chunks of flesh


   Skills:
 + Level 3.2 Fighting
 * Level 4.4 Long Blades
 - Level 1.7 Throwing
 + Level 3.5 Dodging


You had 4 spell levels left.
You didn't know any spells.
Your spell library was empty.

Dungeon Overview and Level Annotations

Branches:
Dungeon (3/15)

Altars:
Uskayaw
Yredelemnul


Innate Abilities, Weirdness & Mutations

You are surrounded by a mild repulsion field. (EV +2)
You are partially covered in sharp spines.


Message History

You feel protected.
The orc wizard mumbles some strange words.
The orc wizard blinks!
The orc barely misses you.
It was a potion of cancellation.
Your magical effects are unravelling.
You feel magically purged.
You feel yourself slow down.
You feel a little less clever now.
You feel a little less agile now.
Your resistance to elements expires.
The orc is struck by your spines. The orc barely misses you.
It was a potion of berserk rage.
A red film seems to cover your vision as you go berserk!
You feel yourself moving faster!
You feel mighty! The orc hits you but does no damage.
The orc is struck by your spines. The orc hits you but does no damage.
You slice the orc!!
You kill the orc!
The orc wizard casts a spell at you. The magic dart hits you.
* * * LOW HITPOINT WARNING * * *
The orc hits you with a +0 club.
You die...

........#..#######o.#
.?.........#### #.##
##.......÷....####.#####..
#......#.#.##..!.....g.sog
#.#.#..##..#.####...######..
.....##..##.# ##.###
.#....##..# #..# #...###.##
#s## ##...##.####o#
#.#.##)##)@[# #.#.##.##.###
#.#..#.##.# #.##......# .
#†##..#.### .. #.##..o.#
#.###.###...##
###.....#......####
.(...........#....#
#####...........#.##


You could see an orc wizard, an orc and a giant cockroach.

Vanquished Creatures
  An orc priest (D:3)
  Jessica (D:2)
  An orc wizard (D:3)
  2 adders
  A worm (D:2)
  3 dart slugs (D:2)
  6 leopard geckos
  7 orcs
  A ball python (D:1)
  3 giant cockroaches
  9 goblins
  6 hobgoblins
  4 jackals (D:1)
  5 kobolds
  10 bats
  3 frilled lizards (D:1)
  8 rats
71 creatures vanquished.

Notes
Turn   | Place    | Note
-------+----------+-------------------------------------------
     0 | D:1      | Voker57 the Demonspawn Gladiator began the quest for the
                  | Orb.
     0 | D:1      | Reached XP level 1. HP: 16/16 MP: 1/1
    72 | D:1      | Reached skill level 3 in Long Blades
    74 | D:1      | Gained mutation: You are surrounded by a mild repulsion
                  | field. (EV +2) [demonic ancestry]
    74 | D:1      | Reached XP level 2. HP: 15/22 MP: 2/2
   466 | D:1      | Reached XP level 3. HP: 27/28 MP: 3/3
  1022 | D:2      | Found a basalt altar of Yredelemnul.
  1062 | D:2      | Found a hide-covered altar of Uskayaw.
  1062 | D:2      | Noticed a +0 hand axe
  1063 | D:2      | Noticed a +0 dagger
  1068 | D:2      | Noticed Jessica
  1077 | D:2      | Killed Jessica
  1077 | D:2      | Reached XP level 4. HP: 32/34 MP: 4/4
  1514 | D:3      | Reached skill level 4 in Long Blades
  1810 | D:3      | Gained mutation: You are partially covered in sharp spines.
                  | [demonic ancestry]
  1810 | D:3      | Reached XP level 5. HP: 17/41 MP: 5/5
  2010 | D:3      | HP: 1/41 [orc wizard/magic dart (8)]
  2015 | D:3      | HP: 1/61 [orc wizard/magic dart (2)]
  2015 | D:3      | Slain by an orc

Vault maps used:
D:1:      lightli_arrival_boilingwater
D:2:      dancing_weapons_uskayaw, lemuel_doored_altar, uniq_jessica
D:3:      first_ration, portal_sewer_entry_f, minmay_ogre_servants

Skill      XL: |  1  2  3  4 |
---------------+-------------+-----
Long Blades    | 3 4 |  4.4
Dodging        | 3 |  3.5
Fighting       | 3 |  3.2
Throwing       | |  1.7

Action                   |  1- 3 |  4- 6 || total
-------------------------+-------+-------++-------
Melee: Long sword        |   105 |   109 ||   214
Throw: Throwing net      |     2 |     2 ||     4
  Use: Scroll            |     1 |     5 ||     6
       Potion            |       |     7 ||     7
 Stab: Sleeping          |     2 |     1 ||     3
       Held in net/web   |     1 |     1 ||     2
  Eat: Chunk             |     1 |     3 ||     4
Armor: Leather armour    |    31 |    37 ||    68
Dodge: Dodged            |    87 |   110 ||   197
       Rpst.: Long sword |    33 |    30 ||    63

Table legend:
 A = Non-vault XP
 B = Vault XP
 C = Vault XP percentage of total XP
 D = Non-vault monster count
 E = Vault monster count
 F = Vault count percentage of total count
                 A         B        C        D         E       F
            +---------+---------+-------+---------+---------+-------
      Total |     227 |      43 |  15.9 |      68 |       3 |   4.2
            +---------+---------+-------+---------+---------+-------
        D:1 |      44 |       0 |   0.0 |      27 |       0 |   0.0
        D:2 |      67 |      37 |  35.6 |      26 |       1 |   3.7
        D:3 |     116 |       6 |   4.9 |      15 |       2 |  11.8
            +---------+---------+-------+---------+---------+-------
